 Dungeon Crawl Stone Soup version 0.29.1-1-gd02db6906a (webtiles) character file.

Game seed: 16548754416100369551

58 fireball365 the Digger (level 3, -1/26 HPs)
             Began as a Demigod Earth Elementalist on Oct 5, 2022.
             Slain by a phantom (3 damage)
             ... on level 2 of the Dungeon.
             The game lasted 00:06:34 (1237 turns).

fireball365 the Digger (Demigod Earth Elementalist) Turns: 1237, Time: 00:06:35

Health: -1/26      AC:  5    Str:  9    XL:     3   Next: 52%
Magic:  10/18      EV: 10    Int: 23    God:
Gold:   84         SH:  0    Dex: 14    Spells: 6/7 levels left

rFire   . . .      SeeInvis .   n - +2 whip of Skirmishing {vamp, Int+2}
rCold   . . .      Faith    .   (no shield)
rNeg    . . .      Spirit   .   q - +0 ring mail
rPois   .          Reflect  .   (no helmet)
rElec   .          Harm     .   (no cloak)
rCorr   .          Rampage  .   (no gloves)
Will    .....                   (no boots)
Stlth   +.........              (no amulet)
HPRegen 0.08/turn               i - ring of magical power
MPRegen 0.16/turn               (no ring)

@: very slightly contaminated
A: high MP 1, forlorn, divine attributes
a: no special abilities


You were on level 2 of the Dungeon.
You visited 1 branch of the dungeon, and saw 2 of its levels.

You collected 84 gold pieces.

Inventory:

Hand Weapons
 c - a +0 spear
 f - a +0 short sword
 g - a +0 sling
 n - the +2 whip of Skirmishing (weapon) {vamp, Int+2}
   (You found it on level 2 of the Dungeon)

   It occasionally heals its wielder for a portion of the damage dealt when it
   wounds a living foe.
   Int:       It affects your intelligence (+2).
 o - a +0 long sword
Missiles
 e - 2 boomerangs
 h - 8 stones
 m - 3 datura-tipped darts
Armour
 a - a +0 robe
 q - a +0 ring mail (worn)
 r - a +0 leather armour
Jewellery
 i - a ring of magical power (left hand)
Scrolls
 k - a scroll of identify {unknown}
 l - a scroll of noise
Potions
 b - a potion of magic
 d - 2 potions of curing {unknown}
 j - a potion of heal wounds {unknown}
 p - a potion of might {unknown}


   Skills:
 + Level 1.9 Dodging
 + Level 2.5 Stealth
 + Level 2.7 Spellcasting
 + Level 0.8 Transmutations
 + Level 3.1 Earth Magic


You had 6 spell levels left.
You knew the following spells:

 Your Spells              Type           Power      Damage    Failure   Level
a - Sandblast             Erth           34%        2d9       10%         1

Your spell library contained the following spells:

 Spells                   Type           Power      Damage    Failure   Level
 Passwall                 Tmut/Erth      10%        N/A       22%         2
 Magic Dart               Conj           12%        1d3       32%         1
 Searing Ray              Conj           6%         2d4       45%         2
 Stone Arrow              Conj/Erth      20%        3d8       47%         3
 Petrify                  Tmut/Erth      12%        N/A       82%         4
 Fulminant Prism          Conj/Hex       1%         3d6       97%         4


Dungeon Overview and Level Annotations

Branches:
Dungeon (2/15)


Innate Abilities, Weirdness & Mutations

You have an increased reservoir of magic. (+10% MP)
You shall have no god before yourself.
Your divine heritage dramatically boosts your attributes as you level up.


Message History

The hobgoblin is severely wounded.
The hobgoblin hits you but does no damage.
The hobgoblin hits you.
The blast of sand hits the hobgoblin.
You kill the hobgoblin!
You miscast Sandblast.
You are very lightly contaminated with residual magic.
Nothing appears to happen.
The phantom barely misses you.
You miscast Sandblast.
Nothing appears to happen.
The phantom hits you.
The phantom blinks!
You blink.
You are too injured to fight recklessly!
You are too injured to fight recklessly!
You are too injured to fight recklessly!
Casting: Sandblast (safe; 10% risk of failure)
Confirm with . or Enter, or press ? or * to list all spells.
Aiming: Sandblast (safe; 10% risk of failure)
Press: ? - help, Shift-Dir - straight line, f/p - phantom
Aim: a phantom (heavily damaged, 75% to hit)
The blast of sand misses the phantom.
The phantom misses you. The phantom hits you.
Casting: Sandblast (safe; 10% risk of failure)
Confirm with . or Enter, or press ? or * to list all spells.
Aiming: Sandblast (safe; 10% risk of failure)
Press: ? - help, Shift-Dir - straight line, f/p - phantom
Aim: a phantom (heavily damaged, 75% to hit)
The blast of sand hits the phantom.
The phantom is heavily damaged.
The phantom hits you.
* * * LOW HITPOINT WARNING * * *
Casting: Sandblast (safe; 10% risk of failure)
Confirm with . or Enter, or press ? or * to list all spells.
Aiming: Sandblast (safe; 10% risk of failure)
Press: ? - help, Shift-Dir - straight line, f/p - phantom
Aim: a phantom (heavily damaged, 75% to hit)
The blast of sand hits the phantom.
The phantom is heavily damaged.
The phantom hits you.
* * * LOW HITPOINT WARNING * * *
The phantom hits you.
You die...

.# .# . ##+## .
##...## ####
##.....## ##.##
##.......##
#...####.......W@#
.......'.........+
#...####.......).#
##.## ##.......##
#### ##.....## #
##...## # ##'## .
#.# . #.#


You could see a phantom.

Vanquished Creatures
  2 adders (D:2)
  2 bats (D:1)
  8 endoplasms
  2 giant cockroaches
  2 goblins
  7 hobgoblins
  4 kobolds
  A quokka (D:2)
  2 ball pythons
  A frilled lizard (D:2)
  5 rats
36 creatures vanquished.

Vanquished Creatures (others)
  A fungus (D:2)
1 creature vanquished.

Grand Total: 37 creatures vanquished

Notes
Turn   | Place    | Note
-------+----------+-------------------------------------------
     0 | D:1      | fireball365 the Demigod Earth Elementalist began the quest
                  | for the Orb.
     0 | D:1      | Reached XP level 1. HP: 14/14 MP: 5/5
   255 | D:1      | Reached XP level 2. HP: 20/20 MP: 2/7
   759 | D:2      | Reached XP level 3. HP: 26/26 MP: 9/9
   784 | D:2      | Reached skill level 3 in Earth Magic
  1000 | D:2      | Identified the +2 whip of Skirmishing {vamp, Int+2}
  1218 | D:2      | Noticed a phantom
  1237 | D:2      | Slain by a phantom

Illustrated notes

Levels and vault maps discovered:
D:1:      dpeg_arrival_concentric_ovals, layout_loops_ring, minmay_pentomino_q2
D:2:      layout_loops_corners, shapermc_ecumenical_altar_acropolis,
          st_stairs_13

Skill      XL: |  1  2  3 |
---------------+----------+-----
Spellcasting   | 2 |  2.7
Stealth        | 2 |  2.5
Earth Magic    | 3 |  3.1
Dodging        | |  1.9
Transmutations | |  0.8

Action                   || total
-------------------------++-------
Melee: Whip              ||     1
 Cast: Sandblast         ||    53
  Use: Scroll            ||     1
Armor: Robe              ||     2
       Ring mail         ||     5
Dodge: Dodged            ||    25
